Map: Dusk Towers

Players

Waterson - Winner!

  • Race: Protoss Protoss
  • League: Gold

Grumm

  • Race: Zerg Zerg
  • League: Gold

VOD

Have the link to the VOD?

Description

Time

  • Played on: Jan. 29, 2016, 8:03 p.m.
  • Length: 11:06
Show
View Real Time Build Order
Export as new Build Order

Waterson Protoss - Winner!

Build Orders:  

Get SALT Encoding   

  12  0:01  Probe (Chrono Boost)  
  13  0:13  Pylon  
  13  0:17  Probe (Chrono Boost)  
  14  0:28  Probe (Chrono Boost)  
  15  0:36  Gateway  
  15  0:40  Probe (Chrono Boost)  
  16  0:49  Assimilator  
  16  0:50  Probe (Chrono Boost)  
  17  1:02  Gateway  
  18  1:04  Probe (Chrono Boost)  
  18  1:15  Probe (Chrono Boost)  
  19  1:21  Pylon  
  19  1:23  Zealot (Chrono Boost)  
  21  1:26  Probe  
  22  1:35  Assimilator  
  22  1:48  Cybernetics Core, Zealot (Chrono Boost)  
  26  1:57  Probe  
  26  1:58  Zealot (Chrono Boost)  
  27  2:09  Probe  
  27  2:19  Zealot (Chrono Boost)  
  27  2:21  Probe  
  30  2:32  Pylon  
  30  2:36  Mothership Core  
  34  3:05  Adept (Chrono Boost)  
  34  3:09  Adept (Chrono Boost)  
  34  3:19  Nexus  
  34  3:21  Warp Gate  
  34  3:28  Gateway  
  34  3:31  Pylon  
  34  3:32  Sentry (Chrono Boost)  
  34  4:21  Probe  
  35  4:27  Stalker (Chrono Boost)  
  41  4:31  Stalker x2 (Chrono Boost)  
  41  4:33  Probe  
  40  4:45  Probe  
  37  4:53  Stalker (Chrono Boost)  
  41  5:01  Stalker (Chrono Boost)  
  33  5:13  Probe  
  33  5:15  Gateway, Probe  
  33  5:17  Gateway  
  35  5:27  Adept  
  37  5:34  Probe  
  37  5:35  Stalker  
  39  5:36  Probe  
  39  5:37  Robotics Facility  
  41  5:48  Mothership Core  
  43  6:03  Zealot x2  
  43  6:04  Zealot  
  49  6:24  Probe  
  49  6:25  Probe  
  51  6:31  Adept x5  
  61  6:41  Pylon  
  61  6:42  Pylon  
  61  6:43  Probe  
  62  6:52  Assimilator  
  62  6:57  Assimilator  
  62  6:58  Probe  
  62  6:59  Probe  
  64  7:01  Pylon  
  64  7:08  Probe  
  64  7:09  Forge  
  64  7:15  Probe  
  66  7:19  Probe  
  67  7:26  Robotics Facility  
  57  8:04  Stalker  
  57  8:05  Stalker x3  
  65  8:06  Stalker  
  65  8:08  Protoss Ground Weapons Level 1 (Chrono Boost)  
  65  8:10  Mothership Core  
  67  8:13  Probe  
  68  8:22  Observer  
  68  8:23  Probe  
  70  8:28  Nexus  
  70  8:31  Probe  
  71  8:38  Zealot x5  
  81  8:44  Immortal  
  85  9:15  Pylon  
  85  9:16  Pylon  
  85  9:18  Pylon  
  85  9:21  Pylon  
  85  9:23  Pylon  
  85  9:25  Pylon  
  85  9:42  Adept x3  
  85  9:43  Adept x2  
  95  9:58  Photon Cannon  
  95  10:03  Sentry, Photon Cannon  
  95  10:04  Sentry x2  
  95  10:05  Sentry, Photon Cannon  
  103  10:09  Assimilator  
  103  10:13  Assimilator  
  103  10:21  Twilight Council  
  81  11:03  Stalker x4  
  81  11:04  Stalker  
Show
View Real Time Build Order
Export as new Build Order

Grumm Zerg 

Build Orders: Pool First 

Get SALT Encoding   

  12  0:01  Drone  
  13  0:23  Spawning Pool  
  13  0:25  Drone  
  13  0:35  Overlord  
  13  0:39  Drone  
  14  1:07  Hatchery  
  14  1:10  Zergling x2  
  14  1:11  Zergling x2  
  15  1:15  Zergling x2  
  16  1:28  Queen  
  18  1:39  Drone x2  
  20  1:48  Extractor  
  19  2:07  Hatchery  
  18  2:25  Drone x4  
  22  2:46  Drone x6  
  27  3:05  Drone  
  27  3:13  Queen  
  27  3:14  Extractor  
  27  3:16  Roach Warren  
  27  3:17  Zergling x2  
  27  3:18  Zergling x2  
  27  3:19  Drone  
  29  3:25  Zergling x2  
  29  3:26  Zergling x4  
  32  3:34  Spine Crawler  
  31  3:41  Evolution Chamber  
  31  3:46  Zergling x6  
  33  3:58  Evolution Chamber  
  27  4:11  Zergling x4  
  27  4:12  Zergling x6  
  27  4:14  Zergling x2  
  27  4:15  Zergling x2  
  29  4:27  Zergling x8  
  27  4:46  Zergling x2  
  27  4:47  Zergling x8  
  31  4:55  Zergling x4  
  33  5:54  Queen  
  32  6:09  Roach  
  32  6:11  Overlord x2  
  32  6:12  Overlord  
  32  6:16  Metabolic Boost  
  32  6:17  Lair  
  28  6:24  Zerg Melee Weapons Level 1  
  28  6:25  Baneling Nest, Zerg Missile Weapons Level 1  
  28  6:32  Drone x2  
  29  6:46  Roach x2  
  31  6:52  Roach  
  33  7:00  Roach x2  
  38  7:09  Zergling x2  
  38  7:10  Roach  
  41  7:16  Drone x2  
  41  7:22  Roach  
  32  7:49  Drone  
  32  7:50  Drone x6  
  34  8:13  Zergling x2  
  34  8:14  Zergling x8  
  34  8:15  Zergling x2  
  34  8:18  Zergling x2  
  41  8:20  Zergling x2  
  41  8:25  Roach  
  44  8:44  Zerg Ground Armor Level 1  
  44  8:46  Drone  
  44  8:47  Drone x5  
  50  8:52  Extractor  
  50  8:55  Extractor  
  48  8:57  Overlord  
  48  9:06  Roach x2  
  52  9:34  Roach  
  52  9:35  Roach x3  
  59  9:42  Hydralisk Den  
  58  9:53  Overlord x2  
  58  9:57  Overlord  
  58  10:17  Hydralisk  
  58  10:18  Hydralisk x3  
  66  10:21  Hydralisk  
  66  10:32  Roach x2  
Tags
 
Add a new tag
Caveats
  • Supply blocks, unpowered buildings, or Contaminate may cause inaccurate times.
  • Supply counts are checked every 10 seconds.